 Dungeon Crawl Stone Soup version 0.19-a0-1920-g83281cb (webtiles) character file.

212 JeffiDaFish the Chopper (level 5, 0/47 HPs)
             Began as a Hill Orc Fighter on Oct 24, 2016.
             Slain by an adder (1 damage)
             ... on level 3 of the Dungeon.
             The game lasted 00:06:04 (1465 turns).

JeffiDaFish the Chopper (Hill Orc Fighter)          Turns: 1465, Time: 00:06:05

Health: 0/47       AC: 12    Str: 25    XL:     5   Next: 90%
Magic:  14/14      EV:  5    Int:  8    God:
Gold:   112        SH: 10    Dex: 10    Spells: 0 memorised, 4 levels left

rFire  + . .     SeeInvis .     a - +0 war axe
rCold  . . .     Gourm    .     j - +0 plate armour
rNeg   . . .     Faith    .     c - +0 shield
rPois  .         Spirit   .     (no helmet)
rElec  .         Reflect  .     (no cloak)
rCorr  .         Harm     .     (no gloves)
MR     .....                    (no boots)
Stlth  ..........               (no amulet)
                                e - ring of magical power
                                g - ring of protection from fire

@: mighty, lethally poisoned (0 -> -2)
A: no striking features
a: no special abilities


You were on level 3 of the Dungeon.
You were not hungry.

You visited 1 branch of the dungeon, and saw 3 of its levels.

You collected 112 gold pieces.

Inventory:

Hand Weapons
 a - a +0 war axe (weapon)
Armour
 c - a +0 shield (worn)
 j - a +0 plate armour (worn)
Jewellery
 e - a ring of magical power (right hand)
 g - a ring of protection from fire (left hand)
Scrolls
 i - 3 scrolls of identify
Comestibles
 b - a slice of pizza
 f - a bread ration
 k - a chunk of flesh


   Skills:
 + Level 4.4 Fighting
 + Level 5.0 Axes
 + Level 4.4 Armour
 + Level 0.5 Dodging
 + Level 4.3 Shields


You had 4 spell levels left.
You didn't know any spells.

Dungeon Overview and Level Annotations

Branches:
Dungeon (3/15)

Altars:
Elyvilon
Gozag


Message History

Your Shields skill increases to level 4!
You have reached level 4!
You have reached level 5!
You feel stronger.
The hobgoblin hits you but does no damage.
You slash the hobgoblin!
You kill the hobgoblin!
You completely miss the leopard gecko.
The leopard gecko bites you but does no damage. x2
You slash the leopard gecko!
You kill the leopard gecko!
The adder bites you.
* * * LOW HITPOINT WARNING * * *
You are lethally poisoned!
The adder poisons you!
Your plate armour prevents you from hitting the adder.
* * * LOW HITPOINT WARNING * * *
You feel sick. The adder bites you but does no damage.
You barely miss the adder. You block the adder's attack. The adder bites you.
You die...

........?...# #.......# #.#
.........(..# #.......# #.#
............##########+####.#
..........#>................#
..........+.......####.######
......g(gS#######.# #.......
......).#......<#.# ########
........#.#######.#
........#..S@.....#
........########### ........#
........# ........#


You could see an adder.

Vanquished Creatures
  A hippogriff (D:3)
  A dart slug (D:1)
  A worm (D:2)
  A leopard gecko (D:3)
  A giant cockroach (D:1)
  7 goblins (D:1)
  8 hobgoblins
  4 jackals (D:2)
  A quokka (D:2)
  10 bats
  A frilled lizard (D:1)
  7 kobolds
  5 rats
48 creatures vanquished.

Notes
Turn   | Place    | Note
-------+----------+-------------------------------------------
     0 | D:1      | JeffiDaFish the Hill Orc Fighter began the quest for the Orb.
     0 | D:1      | Reached XP level 1. HP: 19/19 MP: 1/1
   189 | D:1      | Reached XP level 2. HP: 26/27 MP: 2/2
   258 | D:1      | Reached skill level 3 in Axes
   387 | D:1      | Reached XP level 3. HP: 32/33 MP: 3/3
   847 | D:2      | Found a white marble altar of Elyvilon.
  1030 | D:2      | Found an opulent altar of Gozag.
  1436 | D:3      | Noticed a hippogriff
  1439 | D:3      | Reached skill level 4 in Axes
  1458 | D:3      | HP: 1/33 [hippogriff (5)]
  1460 | D:3      | Killed a hippogriff
  1460 | D:3      | Reached skill level 5 in Axes
  1460 | D:3      | Reached XP level 4. HP: 1/41 MP: 4/4
  1460 | D:3      | Reached XP level 5. HP: 2/47 MP: 5/5
  1463 | D:3      | HP: 2/47 [adder (1)]
  1465 | D:3      | Slain by an adder

Vault maps used:
D:1:      saegor_arrival_under_anarchy
D:2:      grunt_gozag_breadcrumbs, elyvilon_altar_4
D:3:      overflow_temple_1_default

Skill      XL: |  1  2  3 |
---------------+----------+-----
Axes           | 3 5 |  5.0
Fighting       | 4 |  4.4
Armour         | 4 |  4.4
Shields        | 4 |  4.3
Dodging        | |  0.5

Action                   |  1- 3 |  4- 6 || total
-------------------------+-------+-------++-------
Melee: War axe           |   152 |     5 ||   157
  Use: Potion            |     9 |       ||     9
       Scroll            |     4 |       ||     4
  Eat: Chunk             |     2 |       ||     2
Armor: Scale mail        |    79 |       ||    79
       Plate armour      |    32 |     4 ||    36
Dodge: Dodged            |    46 |       ||    46
Block: Shield            |    84 |     1 ||    85
